 Dungeon Crawl Stone Soup version 0.28.0-47-ge53b351184 (webtiles) character file.

Game seed: 11221764796913471352

123 styxcanada the Sneak (level 4, -1/23 HPs)
             Began as a Spriggan Brigand on May 4, 2022.
             Killed by nerve-wracking pain
             ... invoked by a shadow imp
             ... summoned by Natasha
              (12 damage)
             ... on level 3 of the Dungeon.
             The game lasted 00:09:43 (2836 turns).

styxcanada the Sneak (Spriggan Brigand)             Turns: 2836, Time: 00:09:43

Health: -1/23      AC:  3    Str:  7    XL:     4   Next: 80%
Magic:  5/5        EV: 18    Int: 12    God:
Gold:   116        SH:  0    Dex: 18    Spells: 3/3 levels left

rFire   . . .      SeeInvis +   j - +3 dagger (venom)
rCold   . . .      Faith    .   (no shield)
rNeg    . . .      Spirit   .   b - +0 robe
rPois   .          Reflect  .   (helmet restricted)
rElec   .          Harm     .   c - +0 cloak
rCorr   .          Rampage  .   (gloves unavailable)
Will    .....                   (boots unavailable)
Stlth   ++++......              (no amulet)
HPRegen 0.07/turn               (no ring)
MPRegen 0.09/turn               (no ring)

@: very quick
A: very small, no large weapons, unfitting armour, see invisible, speed 3
a: no special abilities


You were on level 3 of the Dungeon.
You visited 1 branch of the dungeon, and saw 3 of its levels.

You collected 116 gold pieces.

Inventory:

Hand Weapons
 a - a +2 dagger
 j - a +3 dagger of venom (weapon)
Missiles
 d - 13 poisoned darts
 e - 2 curare-tipped darts (quivered)
 f - 92 stones
Armour
 b - a +0 robe (worn)
 c - a +0 cloak (worn)
Wands
 p - a wand of acid (6)
Scrolls
 h - a scroll of magic mapping {unknown}
 k - a scroll of immolation {unknown}
 l - a scroll of amnesia {unknown}
 m - 2 scrolls of teleportation {unknown}
 n - a scroll of brand weapon {unknown}
 o - a scroll of blinking {unknown}
Potions
 g - a potion of attraction {unknown}
 i - 2 potions of mutation {unknown}


   Skills:
 * Level 1.8 Fighting
 + Level 2.8 Short Blades
 + Level 2.4 Throwing
 * Level 3.0 Dodging
 * Level 7.9 Stealth


You had 3 spell levels left.
You didn't know any spells.
Your spell library contained the following spells:

 Spells                   Type           Power      Damage    Failure   Level
 Freeze                   Ice            0%         1d3       32%         1
 Frozen Ramparts          Ice            0%         1d2       69%         3
 Hailstorm                Conj/Ice       0%         3d3       97%         4


Dungeon Overview and Level Annotations

Branches:
Dungeon (3/15)

Altars:

Annotations:
D:3 Natasha


Innate Abilities, Weirdness & Mutations

You are very small and have problems with some larger weapons.
You are too small for most types of armour.
You have supernaturally acute eyesight. (SInv)
You cover ground extremely quickly. (Speed+++)


Message History

Things that are here:
a +0 short sword; a kobold corpse You hit Natasha.
Natasha is poisoned.
Natasha is moderately wounded.
The crimson imp hits you but does no damage.
You hit Natasha.
Natasha is moderately wounded.
Natasha casts a spell.
The crimson imp barely misses you. The shadow imp closely misses you.
You barely miss the giant cockroach. The giant cockroach misses you.
Natasha misses you. The crimson imp closely misses you.
The shadow imp misses you.
You hit the giant cockroach.
The giant cockroach is moderately wounded.
The giant cockroach closely misses you.
The white imp hits you but does no damage.
Natasha claws you. The crimson imp barely misses you.
The shadow imp completely misses you.
You hit the giant cockroach.
The giant cockroach is poisoned.
The giant cockroach is moderately wounded.
The giant cockroach misses you. The white imp barely misses you.
Natasha casts a spell at you. The magic dart hits you.
You hit the giant cockroach.
The giant cockroach looks even sicker.
The giant cockroach is severely wounded.
You kill the giant cockroach!
The crimson imp hits you. The shadow imp completely misses you.
The white imp barely misses you. Natasha closely misses you.
You hit Natasha.
Natasha looks as sick as possible!
Natasha is heavily wounded.
The crimson imp completely misses you. The shadow imp misses you.
The white imp completely misses you. Natasha misses you.
You hit Natasha.
Natasha looks as sick as possible!
Natasha is severely wounded.
The crimson imp shouts, "Beg for mercy, thou pox-marked clay-brained creepsneak!"
The crimson imp hits you but does no damage.
The shadow imp gestures at you. Pain shoots through your body!
Ouch! That really hurt!
You die...

###.. #.###..............#
...#.##............##..>.#
.#.#......#.......###....#
^#.##<#..##........#######
.........#.........#
...........#.......##
........†...........###
....#......#....5.....##
...............5@.......
....†........##5h....##.
.†...........###....##
.........)..........#
..............####....
.............## .....
..............# #..#..
................ ..##.
...........##.#.


You could see Natasha (extremely poisoned), a crimson imp (summoned), a white
imp (summoned) and a shadow imp (summoned).

Vanquished Creatures
  Natasha (twice) (D:3)
  An adder (D:2)
  A worm (D:2)
  3 dart slugs
  4 endoplasms
  4 giant cockroaches
  3 goblins
  3 hobgoblins
  2 jackals (D:1)
  3 quokkas
  8 ball pythons
  5 bats
  5 frilled lizards
  7 kobolds
  A rat (D:3)
52 creatures vanquished.

Notes
Turn   | Place    | Note
-------+----------+-------------------------------------------
     0 | D:1      | styxcanada the Spriggan Brigand began the quest for the
                  | Orb.
     0 | D:1      | Reached XP level 1. HP: 10/10 MP: 2/2
    17 | D:1      | Reached skill level 6 in Stealth
   357 | D:1      | Reached XP level 2. HP: 14/14 MP: 3/3
  1465 | D:2      | Reached XP level 3. HP: 18/18 MP: 4/4
  1551 | D:2      | Reached skill level 7 in Stealth
  2031 | D:2      | Found a faded altar of an unknown god.
  2453 | D:3      | Noticed Natasha
  2467 | D:3      | Killed Natasha
  2468 | D:3      | Reached XP level 4. HP: 12/23 MP: 5/5
  2759 | D:3      | Noticed Natasha
  2764 | D:3      | Killed Natasha
  2795 | D:3      | Noticed Natasha
  2836 | D:3      | Killed from afar by a shadow imp

Illustrated notes

Levels and vault maps discovered:
D:1:      psy_arrival_statuary, layout_basic
D:2:      layout_basic, dilly_ecumenical_altar_fadedgnrine, grunt_decor_junction
D:3:      layout_rooms, gammafunk_temple_overflow_wave, uniq_natasha

Skill      XL: |  1  2  3  4 |
---------------+-------------+-----
Stealth        | 6 7 |  7.9
Dodging        | 2 3 |  3.0
Fighting       | |  1.8
Short Blades   | |  2.8
Throwing       | |  2.4

Action                   |  1- 3 |  4- 6 || total
-------------------------+-------+-------++-------
Melee: Dagger            |    99 |    26 ||   125
       Punch             |     2 |       ||     2
Throw: Dart              |    19 |       ||    19
 Stab: Sleeping          |     9 |     2 ||    11
       Distracted        |       |     1 ||     1
Armor: Robe              |    14 |     8 ||    22
Dodge: Dodged            |    66 |    34 ||   100
